 Dungeon Crawl Stone Soup version 0.23-a0-449-g8e4cbf7 (webtiles) character file.

52 Lavandula the Gusty (level 3, 0/28 HPs)
             Began as a Naga Air Elementalist on Nov 22, 2018.
             Killed from afar by Sigmund (8 damage)
             ... with a magic dart
             ... on level 2 of the Dungeon.
             The game lasted 00:03:14 (586 turns).

Lavandula the Gusty (Naga Air Elementalist)          Turns: 586, Time: 00:03:15

Health: 0/28       AC:  2    Str:  8 (10) XL:     3   Next: 85%
Magic:  7/7        EV: 10    Int: 14 (16) God:
Gold:   26         SH:  0    Dex:  9 (11) Spells: 5/8 levels left

rFire    . . .     SeeInvis +   h - staff of air
rCold    . . .     Gourm    .   (no shield)
rNeg     + . .     Faith    .   a - +0 robe
rPois    +         Spirit   .   (no helmet)
rElec    +         Reflect  .   (no cloak)
rCorr    .         Harm     .   (no gloves)
MR       .....                  (no barding)
Stlth    +.........             (no amulet)
HPRegen  0.09/turn              e - ring of positive energy
MPRegen  0.10/turn              (no ring)

@: confused, very slow
A: large, see invisible, deformed body, poison resistance, slowness 2, slow
metabolism 1, spit poison 1, AC +1
a: Spit Poison


You were on level 2 of the Dungeon.
You were not hungry.

You visited 1 branch of the dungeon, and saw 3 of its levels.

You collected 26 gold pieces.

Inventory:

Hand Weapons
 b - a +0 dagger
 i - a +0 short sword of speed
Armour
 a - a +0 robe (worn)
Magical Staves
 h - an uncursed staff of air (weapon)
Jewellery
 e - a ring of positive energy (left hand)
Scrolls
 f - 3 scrolls of identify {unknown}
 j - a scroll of teleportation {unknown}
Comestibles
 c - 2 rations


   Skills:
 - Level 1.5 Dodging
 - Level 3.0 Stealth
 - Level 3.0 Spellcasting
 - Level 1.0 Conjurations
 + Level 3.9 Air Magic


You had 5 spell levels left.
You knew the following spells:

 Your Spells              Type           Power        Failure   Level  Hunger
a - Shock                 Conj/Air       ##..         8%          1    #......
b - Swiftness             Chrm/Air       ##......     14%         2    ##.....

Your spell library contained the following spells:

 Spells                   Type           Power        Failure   Level  Hunger
 Static Discharge         Conj/Air       ##......     24%         3    ###....
 Airstrike                Air            ###.......   38%         4    #####..
 Lightning Bolt           Conj/Air       ##........   91%         5    ######.


Dungeon Overview and Level Annotations

Branches:
Dungeon (3/15)

Altars:

Annotations:
D:2 Sigmund


Innate Abilities, Weirdness & Mutations

You cannot wear boots.
Your serpentine skin is tough. (AC +1)
You have supernaturally acute eyesight. (SInv)
Armour fits poorly on your strangely shaped body.
Your system is resistant to poisons. (rPois)
You cover ground very slowly.
You have a slow metabolism.
You can spit poison.


Message History

Sigmund is moderately wounded.
You have got your breath back.
Sigmund points at you and mumbles some strange words.
You are confused.
Unknown command.
It was a potion of magic.
Magic courses through your body. Sigmund closely misses you.
It was a potion of degeneration.
There was something very wrong with that liquid.
You feel weakened.
You feel dopey.
You feel clumsy.
You're too confused!
Unknown command.
Sigmund gestures at you while chanting. The magic dart hits you!
* * * LOW HITPOINT WARNING * * *
Okay, then.
Sigmund barely misses you. Sigmund gestures at you while chanting.
The magic dart hits you!
You die...

#......#### #.# !. ######.#
#.# #. ##÷## #.# ##.# #...#
#.# .@. #...# #.# ###..
#...# #.## #....
#####...##### #...
###....###.........(.## #.#.
......s.w@.@..........###...
####..####...............##.
#. ###.......##.##.##. ..
#÷#...#.##.##.##. #. #
#####.#...#.##....... #.##.
#...#.#.[.#.#####<#..
....##.....(..##.# #.#..
......................#..
###......#############..


You could see Sigmund (invisible), a worm and a giant cockroach.

Vanquished Creatures
  Terence (D:2)
  A leopard gecko (D:2)
  A giant cockroach (D:2)
  3 goblins (D:1)
  A hobgoblin (D:1)
  3 jackals
  5 kobolds
  4 bats (D:1)
  2 frilled lizards (D:1)
  5 rats
26 creatures vanquished.

Notes
Turn   | Place    | Note
-------+----------+-------------------------------------------
     0 | D:1      | Lavandula the Naga Air Elementalist began the quest for the
                  | Orb.
     0 | D:1      | Reached XP level 1. HP: 15/15 MP: 3/3
    97 | D:1      | Reached XP level 2. HP: 22/22 MP: 3/5
   305 | D:2      | nice
   308 | D:2      | Learned a level 2 spell: Swiftness
   415 | D:3      | Reached XP level 3. HP: 28/28 MP: 4/7
   424 | D:2      | Noticed Terence
   469 | D:2      | Killed Terence
   573 | D:2      | Noticed Sigmund
   586 | D:2      | Killed from afar by Sigmund

Vault maps used:
D:1:      dpeg_arrival_chase, serial_glass, glass_columns_b, glass_columns_a
D:2:      okawaru_altar_gauntlet_db, uniq_terence, uniq_sigmund

Skill      XL: |  1  2 |
---------------+-------+-----
Spellcasting   | 3 |  3.0
Dodging        | |  1.5
Stealth        | |  3.0
Conjurations   | |  1.0
Air Magic      | |  3.9

Action                   || total
-------------------------++-------
Melee: Dagger            ||    15
 Cast: Shock             ||    38
 Abil: Spit Poison       ||    14
  Use: Potion            ||     2
Armor: Robe              ||    10
Dodge: Dodged            ||    25

Table legend:
 A = Non-vault XP
 B = Vault XP
 C = Vault XP percentage of total XP
 D = Non-vault monster count
 E = Vault monster count
 F = Vault count percentage of total count
                 A         B        C        D         E       F
            +---------+---------+-------+---------+---------+-------
      Total |      39 |      36 |  48.0 |      25 |       1 |   3.8
            +---------+---------+-------+---------+---------+-------
        D:1 |      23 |       0 |   0.0 |      16 |       0 |   0.0
        D:2 |      12 |      36 |  75.0 |       7 |       1 |  12.5
        D:3 |       4 |       0 |   0.0 |       2 |       0 |   0.0
            +---------+---------+-------+---------+---------+-------
